AoeStats
← BigBallsBerry

Arena

504265830Analyzed
2v2 RM · 27d ago on Sep 4, 2026· 68m 9s· 4 players
Game mode
Random Map
Map size
Medium (4 player)
Population
200
Speed
Normal
Resources
Standard
Victory
Conquest
Starting age
Dark Age
Ending age
Imperial Age
RankedLock teamsTeams togetherTeam positionsShared explorationLock speedFull tech treeHidden civsTurbo modeCheats
Victory
Defeat
🇹🇼 Tupi · Taiwan
921
+38
🇹🇼 Portuguese · Taiwan
883
+18
🇬🇧 Franks · United Kingdom
945
-19
🇦🇷 Slavs · Argentina
891
-15
el low me hizo reflexionar
9:23 Loom
11:35 Feudal Age
11:53 Man-at-Arms
21:00 Castle Age
21:15 Forging
23:19 Scale Mail Armor
23:55 Iron Casting
24:31 Long Swordsman
35:53 Wheelbarrow
35:03 Town Watch
38:24 Horse Collar
38:37 Double-Bit Axe
39:03 Gold Mining
39:04 Stone Mining
40:19 Scale Barding Armor
40:32 Chain Mail Armor
40:07 Pikeman
40:48 Squires
41:11 Bow Saw
42:33 Ballistics
44:01 Detinets
44:47 Chain Barding Armor
44:19 Elite Skirmisher
45:34 Hand Cart
45:05 Town Watch
49:35 Imperial Age
47:35 Heavy Plow
48:30 Fletching
48:40 Padded Archer Armor
48:39 Murder Holes
49:24 Gold Shaft Mining
48:39 Stone Mining
49:44 Heavy Scorpion
52:15 Conscription
54:43 Leather Archer Armor
54:23 Bodkin Arrow
58:31 Ring Archer Armor
58:13 Siege Engineers
59:52 Druzhina
61:08 Plate Mail Armor
66:27 Two-Handed Swordsman
66:28 Halberdier
BigBallsBerry
10:39 Feudal Age
11:11 Double-Bit Axe
16:39 Castle Age
15:55 Stone Mining
17:47 Bow Saw
19:27 Loom
22:56 Forging
22:47 Scale Mail Armor
30:18 Chain Mail Armor
30:11 Scale Barding Armor
30:41 Iron Casting
30:20 Gold Mining
31:48 Chain Barding Armor
32:05 Husbandry
36:25 Imperial Age
37:11 Cavalier
40:15 Blast Furnace
40:55 Gambesons
40:33 Man-at-Arms
41:15 Squires
42:21 Chain Mail Armor
42:42 Plate Barding Armor
41:29 Long Swordsman
44:19 Two-Handed Swordsman
45:32 Paladin
47:59 Plate Mail Armor
50:29 Wheelbarrow
49:22 Champion
53:57 Light Cavalry
55:44 Fletching
55:54 Padded Archer Armor
56:13 Elite Skirmisher
60:16 Chemistry
65:49 Leather Archer Armor
65:29 Bodkin Arrow
66:42 Ballistics
宇.
10:57 Feudal Age
19:04 Castle Age
17:16 Horse Collar
17:22 Double-Bit Axe
18:17 Double-Bit Axe
19:33 Forging
19:23 Scale Mail Armor
20:45 Bow Saw
25:25 Wheelbarrow
25:36 Squires
26:52 Chain Mail Armor
28:37 Heavy Plow
29:15 Iron Casting
30:33 Hand Cart
30:05 Loom
30:20 Gold Mining
30:05 Pikeman
30:32 Arson
36:27 Imperial Age
34:52 Ballistics
36:08 Gold Shaft Mining
35:53 Padded Archer Armor
35:44 Fletching
36:34 Elite Ibirapema Warrior
36:36 Halberdier
37:24 Caciques
40:22 Plate Mail Armor
40:08 Leather Archer Armor
39:49 Bodkin Arrow
40:04 Curare
43:18 Chemistry
42:24 Bracer
42:54 Ring Archer Armor
42:24 Elite Blackwood Archer
48:03 Town Watch
65:34 Town Patrol
George
11:10 Feudal Age
12:37 Double-Bit Axe
17:36 Castle Age
18:47 Bow Saw
26:46 Imperial Age
27:00 Pikeman
28:27 Forging
28:18 Scale Mail Armor
27:41 Halberdier
28:09 Gambesons
30:55 Chain Mail Armor
30:50 Horse Collar
33:35 Conscription
34:31 Plate Mail Armor
34:37 Iron Casting
35:08 Ballistics
40:51 Heavy Plow
42:19 Wheelbarrow
42:15 Crop Rotation
45:06 Blast Furnace
45:46 Two-Man Saw
46:14 Chemistry
46:37 Masonry
47:50 Arquebus
49:06 Elite Skirmisher
49:39 Fletching
49:50 Padded Archer Armor
49:58 Siege Engineers
50:24 Architecture
51:06 Bombard Tower
54:46 Fortified Wall
56:41 Murder Holes
56:55 Thumb Ring
56:14 Elite Organ Gun
57:11 Leather Archer Armor
66:53 Hand Cart
66:26 Treadmill Crane
66:38 Arson
67:05 Loom
Connection lost

Rejoining the realm…

Still unreachable

The connection could not be restored.

Session expired

The server has moved on; the page needs a fresh start.